 Dungeon Crawl Stone Soup version 0.27-a0-328-g7f782ed93a (webtiles) character file.

Game seed: 13423291725244487989

7 tsouns the Sneak (level 1, -2/20 HPs)
             Began as a Palentonga Delver on Feb 12, 2021.
             Slain by an ice beast (10 damage)
             ... on level 4 of the Dungeon.
             The game lasted 00:01:07 (413 turns).

tsouns the Sneak (Palentonga Delver)                 Turns: 413, Time: 00:01:08

Health: -2/20      AC:  4    Str: 15    XL:     1   Next: 83%
Magic:  1/1        EV:  9    Int: 10    God:
Gold:   18         SH:  0    Dex: 11    Spells: 0/0 levels left

rFire    . . .     SeeInvis +   a - +0 hand axe
rCold    . . .     Faith    .   (no shield)
rNeg     . . .     Spirit   .   b - +0 leather armour
rPois    .         Reflect  .   (no helmet)
rElec    .         Harm     .   (no cloak)
rCorr    .         Rampage  .   (no gloves)
Will     .....                  (no barding)
Stlth    ++........             (no amulet)
HPRegen  0.06/turn              (no ring)
MPRegen  0.07/turn              (no ring)

@: hasted, very quick
A: large, rugged brown scales 3, see invisible, deformed body, roll 1, armoured
tail
a: Rolling Charge


You were on level 4 of the Dungeon.
You visited 1 branch of the dungeon, and saw 2 of its levels.

You collected 18 gold pieces.

Inventory:

Hand Weapons
 a - a +0 hand axe (weapon)
Missiles
 i - 2 atropa-tipped darts
Armour
 b - a +0 leather armour (worn)
Wands
 g - a wand of digging (3)
Scrolls
 c - a scroll of fog
 e - a scroll of fear
 h - a scroll of identify {unknown}
 j - a scroll of blinking {unknown}


   Skills:
 + Level 3.2 Fighting
 + Level 2.3 Axes
 - Level 1.5 Dodging
 - Level 3.3 Stealth


You couldn't memorise any spells.
You didn't know any spells.
Your spell library was empty.

Dungeon Overview and Level Annotations

Branches:
Dungeon (5/15)
 Temple: D:4-7

Altars:
Fedhas

Shops:
D:5 !

Annotations:
D:5 Pikel


Innate Abilities, Weirdness & Mutations

You are completely covered in rugged brown scales. (AC +3, +7% HP)
You have supernaturally acute eyesight. (SInv)
Armour fits poorly on your strangely shaped body.
You can roll at nearby foes to attack.
You have a long armoured tail.


Message History

You are too injured to fight recklessly!
You barely miss the white imp.
You tail-slap the white imp, but do no damage.
The white imp is almost dead.
The white imp hits you.
* * * LOW HITPOINT WARNING * * *
The white imp freezes you.
* * * LOW HITPOINT WARNING * * *
You hit the white imp but do no damage. You tail-slap the white imp.
You kill the white imp!
j - a scroll labelled JUPOCKUCUA You start resting.
HP restored.
As you read the scroll of magic mapping, it crumbles to dust.
You feel aware of your surroundings.
You sensed 1 altar.
Pikel the Slaver comes into view.
He is wielding a +1 whip of electrocution.
Found a hunting sling.
An iguana comes into view.
Found a stone staircase leading up.
The iguana hisses angrily.
There is a stone staircase leading up here.
You climb upwards.
There is a stone staircase leading down here.
An ice beast comes into view.
You feel yourself speed up.
You hit the ice beast.
The ice beast is lightly wounded.
You closely miss the ice beast.
The ice beast is lightly wounded.
The ice beast hits you. The ice beast freezes you!
You are too injured to fight recklessly!
You are too injured to fight recklessly!
You hit the ice beast.
The ice beast is moderately wounded.
The ice beast barely misses you.
You slash the ice beast!
The ice beast is severely wounded.
The ice beast hits you. The ice beast freezes you!
Ouch! That really hurt!
You die...

### .. .#
########.####
#####
####...@Y......#
...#
#....######.##.#
###.###.#### ...
#.......# ###..
# #.#.##### #.#
#.##.#.....# #
#......###.#
####.....#.#
###.#.#.#


You could see an ice beast.

Vanquished Creatures
  A white imp (D:5)
1 creature vanquished.

Notes
Turn   | Place    | Note
-------+----------+-------------------------------------------
     0 | D:5      | tsouns the Palentonga Delver began the quest for the Orb.
     0 | D:5      | Reached XP level 1. HP: 20/20 MP: 1/1
     5 | D:5      | Noticed a jelly
    19 | D:5      | Found a blossoming altar of Fedhas.
   357 | D:5      | Noticed Pikel
   361 | D:5      | Noticed an iguana
   405 | D:4      | Noticed an ice beast
   413 | D:4      | Slain by an ice beast

Illustrated notes

Levels and vault maps discovered:
D:4:      layout_loops_cross, lemuel_round_altar, temple_statues
D:5:      layout_rooms, general_overflow_altar, serial_shops, shop,
          fedhas_altar_2, uniq_pikel, uniq_duvessa, uniq_crazy_yiuf_cottage

Action                   || total
-------------------------++-------
Melee: Hand axe          ||    10
       Tailslap          ||     2
  Use: Scroll            ||     1
       Potion            ||     1
Armor: Leather armour    ||     1
Dodge: Dodged            ||     2

Table legend: (Time is in decaauts)
 A = Elapsed time spent in this place.
 B = Non-inter-level travel time spent in this place.
 C = Inter-level travel time spent in this place.
 D = Time resting spent in this place.
 E = Time spent auto-exploring this place.
 F = Levels seen in this place.
 G = Mean time per level.
                   A        B        C        D        E       F      G
               +--------+--------+--------+--------+--------+-----+--------+
         Total |    413 |    413 |      0 |    287 |     33 |   2 |  206.5 |
       Dungeon |    413 |    413 |      0 |    287 |     33 |   2 |  206.5 |
               +--------+--------+--------+--------+--------+-----+--------+

Top non-repeatable levels by time:
     D:5: 372 daAuts
     D:4: 41 daAuts
